 Dungeon Crawl Stone Soup version 0.30-a0-936-ge0d47acfc0 (console) character file.

Game seed: 4622580550184713050

48835 Ignak the Cleaver (level 14, -2/219 HPs)
             Began as an Ogre Hedge Wizard on Mar 24, 2023.
             Was the Champion of Okawaru.
             Slain by Qihymot's ghost (12 damage)
             ... on level 5 of the Lair of Beasts.
             The game lasted 01:17:11 (22313 turns).

Ignak the Cleaver (Ogre Hedge Wizard)              Turns: 22313, Time: 01:17:12

Health: -2/219     AC:  8    Str: 26    XL:     14   Next: 48%
Magic:  21/28      EV: 12    Int: 16    God:    Okawaru [******]
Gold:   193        SH:  0    Dex: 10    Spells: 19/33 levels left

rFire   . . .      SeeInvis .    a - +7 executioner's axe (freeze)
rCold   . . .      Faith    .    (shield currently unavailable)
rNeg    . . .      Spirit   .    y - +1 robe of Iczeph {rCorr Str-3 Dex+3 Slay+4}
rPois   .          Reflect  .    c - +2 hat
rElec   .          Rampage  .    g - +1 cloak "Qucu" {Regen+}
rCorr   +                        (gloves unavailable)
Will    ++...                    (boots unavailable) Stlth
                                 J - amulet of regeneration
HPRegen 2.16/turn                f - +6 ring of strength
MPRegen 0.21/turn                x - ring of willpower

@: berserking, on blink cooldown, very quick
A: large, unfitting armour, tough skin 1, antennae 1, strong 1
a: Renounce Religion, Heroism, Finesse, Duel


You were on level 5 of the Lair of Beasts.
You worshipped Okawaru.
Okawaru was exalted by your worship.
You visited 4 branches of the dungeon, and saw 20 of its levels.
You also visited: Sewer.

You collected 1889 gold pieces.
You spent 1696 gold pieces at shops.

Inventory:

Hand Weapons
 a - a +7 executioner's axe of freezing (weapon)
 b - the +9 long sword of Siuphon {protect, rElec rPois Int+5 Dex+2}
   (You found it on level 10 of the Dungeon)

   Int:       It affects your intelligence (+5).
   Dex:       It affects your dexterity (+2).
   rElec:     It insulates you from electricity.
   rPois:     It protects you from poison.
 r - the +5 war axe "Asti" {pain, rC++ Str-3 SInv}
   (You found it on level 3 of the Lair of Beasts)

   Str:       It affects your strength (-3).
   rC:        It greatly protects you from cold.
   SInv:      It lets you see invisible.
 z - a +2 hand axe of electrocution
 B - a +3 broad axe of venom
 L - a +2 battleaxe
Missiles
 I - 13 poisoned darts (quivered)
Armour
 c - a +2 hat (worn)
 d - the +0 cloak "Cevep" {rC+ Will+}
   (You acquired it on level 1 of the Orcish Mines)

   rC:        It protects you from cold.
   Will:      It increases your willpower.
 g - the +1 cloak "Qucu" (worn) {Regen+}
   (Okawaru gifted it to you on level 2 of the Orcish Mines)

   Regen:     It increases your rate of health regeneration.
 j - a +2 robe of willpower
 n - the +5 tower shield "Caunlug" {rElec Str+6 Dex-2 SInv}
   (You acquired it on level 2 of the Orcish Mines)

   Str:       It affects your strength (+6).
   Dex:       It affects your dexterity (-2).
   rElec:     It insulates you from electricity.
   SInv:      It lets you see invisible.
 y - the +1 robe of Iczeph (worn) {rCorr Str-3 Dex+3 Slay+4}
   (Okawaru gifted it to you on level 5 of the Lair of Beasts)

   Str:       It affects your strength (-3).
   Dex:       It affects your dexterity (+3).
   Slay:      It affects your accuracy & damage with ranged weapons and melee
   (+4).
   rCorr:     It protects you from acid and corrosion.
 T - a +0 troll leather armour
Jewellery
 f - a +6 ring of strength (left hand)
 i - a ring of see invisible
 u - a ring of ice
 x - a ring of willpower (right hand)
 F - a ring of flight
 J - an amulet of regeneration (around neck)
 N - a ring of wizardry
Wands
 e - a wand of mindburst (13)
 G - a wand of iceblast (10)
 H - a wand of quicksilver (5)
 O - a wand of flame (21)
Scrolls
 k - 3 scrolls of silence
 p - 7 scrolls of identify
 q - 2 scrolls of teleportation
 s - 2 scrolls of brand weapon
 t - a scroll of fog
 v - 3 scrolls of magic mapping
 w - 4 scrolls of amnesia
 A - 2 scrolls of fear
 D - a scroll of vulnerability
 M - 2 scrolls of enchant armour
Potions
 h - 2 potions of might
 l - 6 potions of flight
 m - a potion of brilliance
 o - 3 potions of haste
 C - 5 potions of curing
 E - 2 potions of berserk rage
 P - 2 potions of lignification


   Skills:
 + Level 11.2 Fighting
 * Level 11.7 Axes
 - Level 4.0 Armour
 + Level 8.3 Dodging
 - Level 1.4 Stealth
 * Level 5.3 Shields
 + Level 10.3 Spellcasting
 - Level 3.4 Conjurations
 + Level 5.7 Hexes
 - Level 0.8 Summonings
 + Level 5.7 Necromancy
 - Level 4.0 Translocations
 - Level 5.0 Fire Magic
 - Level 3.0 Air Magic
 - Level 3.0 Poison Magic
 + Level 7.3 Invocations


You had 19 spell levels left.
You knew the following spells:

 Your Spells              Type           Power      Damage    Failure   Level
a - Magic Dart            Conj           76%        1d6       2%          1
b - Blink                 Tloc           42%        N/A       2%          2
c - Scorch                Fire           48%        2d7       1%          2
d - Mephitic Cloud        Conj/Pois/Air  18%        N/A       8%          3
e - Anguish               Hex/Necr       13%        N/A       9%          4
t - Passwall              Tmut/Erth      6%         N/A       13%         2

Your spell library contained the following spells:

 Spells                   Type           Power      Damage    Failure   Level
 Slow                     Hex            100%       N/A       1%          1
 Cigotuvi's Dreadful Rot  Necr/Pois/Air  40%        N/A       2%          2
 Lesser Beckoning         Tloc           42%        N/A       2%          2
 Ensorcelled Hibernation  Hex/Ice        34%        N/A       4%          2
 Spider Form              Tmut/Pois      13%        N/A       14%         3
 Call Imp                 Summ           Unusable   N/A       N/A         2

Dungeon Overview and Level Annotations

Branches:
Dungeon (12/15)            Temple (1/1) D:6            Lair (5/5) D:11
  Swamp (0/4) Lair:2       Spider (0/4) Lair:2        Slime (0/5) Lair:4
    Orc (2/2) D:11            Elf (0/3) Orc:2         Sewer (visited)

Altars:
Ashenzari
Cheibriados
Dithmenos
Fedhas
Gozag
Hepliaklqana
Kikubaaqudgha
Makhleb
Okawaru
Qazlal
Ru
Sif Muna
Trog
Vehumet
Wu Jian
Xom
Yredelemnul
Zin
The Shining One
Jiyva
Lugonu

Shops:
D:3 (=?*   D:8 *   Orc:1 =   Orc:2 *?(*[

Portals:
Abyss: Orc:2
Trove: D:11 (give 8 scrolls of blinking)

Annotations:
Lair:4 1 transporter, MrZuerg's ghost, journeyman MfGl
Lair:5 Qihymot's ghost, journeyman MiFi


Innate Abilities, Weirdness & Mutations

You are too large for most types of armour.
You have tough skin. (AC +1)
You have a pair of small antennae on your head.
Your muscles are strong. (Str +4, Int/Dex -1)


Message History

You slice Qihymot's ghost!! You freeze Qihymot's ghost.
Qihymot's ghost is severely damaged.
You hit the seven-headed hydra. You freeze the seven-headed hydra.
You feel stable enough to blink again. Qihymot's ghost hits you!!
* * * LOW HITPOINT WARNING * * *
Qihymot's ghost freezes you!
* * * LOW HITPOINT WARNING * * *
Qihymot's ghost is wracked by anguish!!
The seven-headed hydra misses you.
The seven-headed hydra barely misses you.
The seven-headed hydra misses you.
The seven-headed hydra bites you but does no damage. x2
The seven-headed hydra misses you. The seven-headed hydra bites you.
* * * LOW HITPOINT WARNING * * *
The seven-headed hydra is wracked by anguish.
Press: ? - help, v - describe, . - travel, g - get item
Here: Qihymot's ghost, wielding a weapon of freezing (black smoke, almost destroyed, anguished) Item here: a scroll of immolation.
The floor, spattered with blood.
Unknown command.
Casting: Anguish (mildly dangerous; 9% risk of failure)
Confirm with . or Enter, or press ? or * to list all spells.
You blink.
Qihymot's ghost barely misses you.
The seven-headed hydra closely misses you. x2
The seven-headed hydra barely misses you. x2
The seven-headed hydra misses you.
The seven-headed hydra bites you but does no damage.
The seven-headed hydra bites you.
* * * LOW HITPOINT WARNING * * *
The seven-headed hydra is wracked by anguish.
Press: ? - help, v - describe, . - travel, g - get item
Here: Qihymot's ghost, wielding a weapon of freezing (black smoke, almost destroyed, anguished) Item here: a scroll of immolation.
The floor, spattered with blood.
Okay, then.
A red film seems to cover your vision as you go berserk!
You feel yourself moving faster!
You feel mighty!
The seven-headed hydra is no longer moving slowly.
Qihymot's ghost hits you!
You die...

#....#....# #......
##........####..#P..
#.#.................
#..................
#........<.........
##.....#...PP.......
#....###.####.......
###§## ##. #....#:.
#§@§# .# #....###
#§WD# .. #...##
#§§§# ... #####


You could see a seven-headed hydra (anguished) and Qihymot's ghost (anguished).

Vanquished Creatures
  An ogre mage (Orc:1)
  A centaur warrior (D:10)
  6 two-headed ogres
  4 orc high priests (Orc:2)
  A skyshark (Lair:5)
  A bog body (Lair:2)
  Pikel (D:7)
  2 orc knights
  3 orc sorcerers (Orc:2)
  4 elephants
  3 black mambas (Lair:5)
  12 cane toads
  2 rime drakes
  5 komodo dragons
  2 trolls
  Grinder (D:6)
  4 dream sheep (Lair:3)
  13 blink frogs
  A slime creature (Lair:2)
  Sigmund (D:4)
  2 wyverns
  32 yaks
  9 vampire mosquitoes
  3 steam dragons
  Menkaure (D:4)
  Edmund (D:6)
  2 wargs
  3 swamp worms (Lair:2)
  Duvessa (D:4)
  16 water moccasins
  18 orc warriors
  An ice beast (D:5)
  A black bear (Lair:1)
  6 centaurs
  9 ogres
  11 wolves
  3 lemures (D:7)
  A gnoll sergeant (D:8)
  12 bullfrogs
  2 kobold brigands
  5 scorpions
  10 wights
  Dowan (D:4)
  3 killer bees (D:8)
  2 electric eels
  A howler monkey (D:7)
  7 jellies
  Crazy Yiuf (D:7)
  A gnoll bouda (D:8)
  4 hounds
  26 orc priests
  An iguana (D:4)
  3 sleepcaps
  22 orc wizards
  6 hell rats (Lair:4)
  8 gnolls (D:8)
  10 adders
  4 river rats (Sewer)
  A shadow imp (D:6)
  2 white imps
  4 worms
  2 dart slugs
  50 orcs
  15 endoplasms
  10 giant cockroaches
  5 goblins
  6 hobgoblins
  4 jackals
  9 kobolds
  4 quokkas
  5 ball pythons
  11 bats
  7 frilled lizards
  4 rats
  A butterfly (D:10)
  A lurking horror (Orc:2)
458 creatures vanquished.

Vanquished Creatures (collateral kills)
  A killer bee (D:9)
  2 river rats (Sewer)
  5 adders
  A worm (D:2)
  An orc (D:4)
  3 ball pythons (Sewer)
  2 bats (Sewer)
  4 endoplasms
  A goblin (D:4)
20 creatures vanquished.

Vanquished Creatures (others)
  A hydra (Lair:3)
  3 two-headed ogres
  A boulder beetle (D:11)
  A lindwurm (Lair:2)
  An orc knight (Orc:2)
  An ugly thing (D:11)
  A black mamba (Lair:5)
  4 elephants
  A cane toad (Lair:4)
  A komodo dragon (Lair:4)
  A troll (Orc:1)
  2 blink frogs
  3 dream sheep (Lair:3)
  6 yaks
  A vampire mosquito (D:9)
  A warg (D:11)
  A water moccasin (Lair:2)
  3 orc warriors
  2 ogres (Orc:1)
  A bullfrog (Lair:3)
  A scorpion (D:10)
  A wight (D:8)
  5 killer bees
  An electric eel (Lair:3)
  An orc priest (Orc:2)
  A hell rat (Lair:4)
  2 orcs
  26 fungi
  A lurking horror (Orc:2)
  13 plants
  A withered plant (Lair:5)
89 creatures vanquished.

Grand Total: 567 creatures vanquished

Notes
Turn   | Place    | Note
-------+----------+-------------------------------------------
     0 | D:1      | Ignak the Ogre Hedge Wizard began the quest for the Orb.
     0 | D:1      | Reached XP level 1. HP: 16/16 MP: 5/5
    21 | D:1      | Reached skill level 1 in Conjurations
    21 | D:1      | Reached skill level 1 in Translocations
   138 | D:1      | Reached XP level 2. HP: 21/26 MP: 4/6
   201 | D:1      | Learned a level 2 spell: Blink
   204 | D:1      | Learned a level 2 spell: Call Imp
   510 | D:1      | Reached skill level 1 in Axes
   623 | D:2      | Reached XP level 3. HP: 22/32 MP: 1/8
   758 | D:2      | Reached skill level 1 in Fighting
  1082 | D:2      | Found a shimmering altar of Xom.
  1238 | D:2      | Reached XP level 4. HP: 34/41 MP: 8/10
  1539 | D:3      | Gained mutation: You are strong-willed. (Will+) [potion of
                  | mutation]
  1539 | D:3      | Gained mutation: You passively map a small area around you.
                  | [potion of mutation]
  1539 | D:3      | Gained mutation: You are frail. (-10% HP) [potion of
                  | mutation]
  1602 | D:2      | Learned a level 3 spell: Mephitic Cloud
  1650 | D:3      | Found Pidoc's Magic Scroll Emporium.
  1659 | D:3      | Found Neno's Jewellery Boutique.
  1690 | D:3      | Found a shimmering blue altar of Sif Muna.
  1696 | D:3      | Reached XP level 5. HP: 42/44 MP: 11/11
  1778 | D:3      | Found a faded altar of an unknown god.
  1804 | D:3      | Found Duavipyu's General Store.
  1849 | D:3      | Found Myudghid's Weapon Shoppe.
  1882 | D:3      | Found a glowing drain.
  1894 | Sewer    | Entered a sewer
  2357 | Sewer    | Reached skill level 1 in Poison Magic
  2503 | Sewer    | Reached XP level 6. HP: 37/51 MP: 7/12
  2718 | Sewer    | Reached skill level 1 in Air Magic
  3423 | D:3      | Bought a potion of heal wounds for 60 gold pieces
  3423 | D:3      | Bought a scroll of teleportation for 36 gold pieces
  3541 | D:4      | Found a sacrificial altar of Ru.
  3663 | D:4      | Reached XP level 7. HP: 41/59 MP: 13/13
  4019 | D:4      | Noticed Menkaure
  4023 | D:4      | Killed Menkaure
  4109 | D:4      | Noticed Duvessa
  4115 | D:4      | Noticed Dowan
  4139 | D:4      | Killed Duvessa
  4142 | D:4      | Killed Dowan
  4157 | D:4      | Reached XP level 8. HP: 33/67 MP: 1/15
  4370 | D:4      | Noticed Sigmund
  4463 | D:4      | Killed Sigmund
  4464 | D:4      | Reached skill level 5 in Spellcasting
  4781 | D:5      | Entered Level 5 of the Dungeon
  4823 | D:5      | Found an ornate altar of the Wu Jian Council.
  5379 | D:6      | Found a staircase to the Ecumenical Temple.
  5387 | Temple   | Entered the Ecumenical Temple
  5652 | D:6      | Identified the +0 ring mail "Trusted Companion" {Harm Fly
                  | Stlth+}
  5688 | D:6      | Found a bloodstained altar of Trog.
  5840 | D:6      | Reached skill level 5 in Axes
  5878 | D:6      | Noticed Edmund
  5893 | D:6      | Reached XP level 9. HP: 57/76 MP: 10/17
  5897 | D:6      | Killed Edmund
  6038 | D:6      | Found an iron altar of Okawaru.
  6050 | D:6      | Became a worshipper of Warmaster Okawaru
  6058 | D:6      | Learned a level 4 spell: Anguish
  6175 | D:6      | Noticed Grinder
  6187 | D:6      | Killed Grinder
  6188 | D:6      | Reached skill level 1 in Hexes
  6188 | D:6      | Reached skill level 1 in Necromancy
  6549 | D:7      | Noticed Pikel
  6585 | D:7      | Killed Pikel
  6585 | D:7      | Reached * piety under Okawaru
  6586 | D:7      | Reached skill level 5 in Fighting
  6994 | D:7      | Found a hazy altar of Hepliaklqana.
  7429 | D:7      | Reached ** piety under Okawaru
  7590 | D:7      | Found a runed translucent door.
  7591 | D:7      | Noticed Crazy Yiuf
  7603 | D:7      | Killed Crazy Yiuf
  7725 | D:8      | Found Wemox's CLEARANCE SALE!.
  7810 | D:8      | Found a burning altar of Makhleb.
  8015 | D:8      | Reached XP level 10. HP: 80/88 MP: 19/19
  8228 | D:8      | Identified the +5 leather armour of Ruarais {Rampage rElec}
  9043 | D:8      | Reached *** piety under Okawaru
  9402 | D:9      | Reached skill level 5 in Dodging
  9692 | D:9      | Got Keklok's Early Guide to Wizarding
  9703 | D:9      | Learned a level 2 spell: Passwall
  9706 | D:9      | Learned a level 2 spell: Scorch
 10435 | D:8      | Lost mutation: You are strong-willed. (Will+) [potion of
                  | mutation]
 10435 | D:8      | Lost mutation: You passively map a small area around you.
                  | [potion of mutation]
 10435 | D:8      | Gained mutation: You have a pair of small horns on your
                  | head. [potion of mutation]
 10436 | D:8      | Lost mutation: You have a pair of small horns on your head.
                  | [potion of mutation]
 10436 | D:8      | Lost mutation: You are frail. (-10% HP) [potion of
                  | mutation]
 10436 | D:8      | Gained mutation: You have a pair of small antennae on your
                  | head. [potion of mutation]
 10436 | D:8      | Gained mutation: Your muscles are strong. (Str +4, Int/Dex
                  | -1) [potion of mutation]
 10474 | D:9      | Reached skill level 1 in Fire Magic
 10870 | D:10     | Entered Level 10 of the Dungeon
 10937 | D:10     | Reached **** piety under Okawaru
 10944 | D:10     | Reached XP level 11. HP: 78/109 MP: 16/21
 11143 | D:10     | Noticed a two-headed ogre
 11167 | D:10     | Identified the +9 long sword of Siuphon {protect, rElec
                  | rPois Int+5 Dex+2}
 11874 | D:10     | Reached ***** piety under Okawaru
 12056 | D:10     | Killed a two-headed ogre
 12057 | D:10     | Reached skill level 1 in Invocations
 12323 | D:10     | Found a runed translucent door.
 12326 | D:10     | Found a runed translucent door.
 12782 | D:10     | Noticed a centaur warrior
 12802 | D:10     | Killed a centaur warrior
 12982 | D:11     | Found a portal to a secret trove of treasure.
 13051 | D:11     | Noticed a boulder beetle
 13070 | D:11     | Killed a boulder beetle
 13071 | D:11     | Reached skill level 5 in Hexes
 13071 | D:11     | Reached skill level 5 in Necromancy
 13273 | D:11     | Found a staircase to the Orcish Mines.
 13315 | D:11     | Noticed a two-headed ogre
 13324 | D:11     | Killed a two-headed ogre
 13324 | D:11     | Received a gift from Okawaru
 13470 | D:3      | Bought a scroll of teleportation for 33 gold pieces
 13470 | D:3      | Bought a scroll of enchant weapon for 82 gold pieces
 13630 | Orc:1    | Entered Level 1 of the Orcish Mines
 13709 | D:11     | Noticed a two-headed ogre
 13716 | D:11     | Killed a two-headed ogre
 13813 | D:11     | Noticed a white ugly thing
 13822 | D:11     | Killed a white ugly thing
 14364 | D:11     | Reached XP level 12. HP: 116/120 MP: 19/24
 14376 | D:11     | Found a staircase to the Lair.
 15069 | Orc:1    | Noticed a two-headed ogre
 15085 | D:11     | Killed a two-headed ogre
 15426 | Orc:1    | Found Waihunah's Jewellery Shop.
 15452 | Orc:1    | Bought an amulet of regeneration for 360 gold pieces
 15469 | Orc:1    | Identified a scroll of acquirement
 15470 | Orc:1    | Acquired the +0 cloak "Cevep" {rC+ Will+}
 15781 | Orc:2    | Entered Level 2 of the Orcish Mines
 15781 | Orc:2    | Noticed an ogre mage
 15781 | Orc:2    | Noticed a two-headed ogre
 15781 | Orc:2    | Noticed a two-headed ogre
 15781 | Orc:2    | Noticed a two-headed ogre
 15781 | Orc:2    | Noticed a two-headed ogre
 15781 | Orc:2    | Noticed a two-headed ogre
 15789 | Orc:1    | Killed a two-headed ogre
 15789 | Orc:1    | Identified the +0 robe "Debraw" {rF- rC+ rN++ SInv}
                  | (Okawaru gifted it to you on level 1 of the Orcish Mines)
 15789 | Orc:1    | Received a gift from Okawaru
 15790 | Orc:1    | Reached skill level 5 in Fire Magic
 15886 | Orc:1    | Killed a two-headed ogre
 15887 | Orc:1    | Reached skill level 1 in Armour
 15903 | Orc:1    | Killed an ogre mage
 16021 | Orc:1    | Killed a two-headed ogre
 16027 | Orc:1    | Killed a two-headed ogre
 16110 | Orc:1    | Killed a two-headed ogre
 16357 | Orc:2    | Reached skill level 5 in Invocations
 16399 | Orc:2    | Found Silleff's Antique Armour Shoppe.
 16531 | Orc:2    | Found a corrupted altar of Lugonu.
 16611 | Orc:2    | Found a one-way gate to the infinite horrors of the Abyss.
 16632 | Arena    | Entered the Arena
 16801 | Orc:2    | Noticed an orc high priest
 16812 | Orc:2    | Killed an orc high priest
 16865 | Orc:2    | Reached skill level 10 in Axes
 16865 | Orc:2    | Reached XP level 13. HP: 118/132 MP: 26/26
 16913 | Orc:2    | Found a staircase to the Elven Halls.
 17175 | Orc:2    | Reached skill level 10 in Fighting
 17380 | Orc:2    | Found Hainas's Magic Scroll Boutique.
 17380 | Orc:2    | Found Ewietyck's General Store.
 17381 | Orc:2    | Found Luugaygrest's Antique Weapon Shop.
 17386 | Orc:2    | Found Ludat's General Store.
 17477 | Orc:2    | Identified the +1 cloak "Qucu" {Regen+} (Okawaru gifted it
                  | to you on level 2 of the Orcish Mines)
 17477 | Orc:2    | Received a gift from Okawaru
 17910 | Orc:2    | Bought a scroll of acquirement for 936 gold pieces
 17910 | Orc:2    | Acquired the +5 tower shield "Caunlug" {rElec Str+6 Dex-2
                  | SInv}
 18034 | Lair:1   | Entered Level 1 of the Lair of Beasts
 18165 | Lair:1   | Reached skill level 1 in Shields
 18572 | Lair:1   | Identified the +9 arbalest of Huuq Lia {drain, Fragile
                  | Will+ Int+3}
 18910 | Lair:2   | Found a hole to the Spider Nest.
 19325 | Lair:2   | Found a staircase to the Swamp.
 19409 | Lair:2   | Identified the +0 leather armour of Sif Muna's Pride {*Slow
                  | rElec Regen+ rCorr}
 19948 | Orc:2    | Bought a scroll of teleportation for 54 gold pieces
 19954 | Orc:2    | Bought a scroll of magic mapping for 135 gold pieces
 20117 | Lair:3   | Identified the +5 war axe "Asti" {pain, rC++ Str-3 SInv}
 20295 | Lair:3   | Reached skill level 10 in Spellcasting
 20308 | Lair:3   | Reached XP level 14. HP: 87/144 MP: 7/28
 20662 | Lair:4   | Found a viscous altar of Jiyva.
 20662 | Lair:4   | Found a staircase to the Slime Pits.
 20898 | Lair:4   | Acquired a +3 broad axe of venom
 21023 | Lair:4   | Reached ****** piety under Okawaru
 21055 | Lair:4   | Found a bloodstained altar of Trog.
 21055 | Lair:4   | Noticed MrZuerg's ghost (journeyman MfGl)
 21073 | Lair:4   | Found a transporter.
 21075 | Lair:4   | Found a transporter.
 21404 | Lair:4   | HP: 5/144 [MrZuerg's ghost (20)]
 21653 | Lair:5   | Entered Level 5 of the Lair of Beasts
 21671 | Lair:4   | HP: 5/144 [cane toad (18)]
 21676 | Lair:4   | HP: 6/144 [poisoned by a water moccasin]
 21876 | Lair:5   | Identified the +1 robe of Iczeph {rCorr Str-3 Dex+3 Slay+4}
                  | (Okawaru gifted it to you on level 5 of the Lair of Beasts)
 21876 | Lair:5   | Received a gift from Okawaru
 21962 | Lair:5   | Reached skill level 5 in Shields
 22292 | Lair:5   | Found a runed translucent door.
 22296 | Lair:5   | Noticed Qihymot's ghost (journeyman MiFi)
 22311 | Lair:5   | HP: 7/146 [seven-headed hydra (2)]
 22313 | Lair:5   | Slain by Qihymot's ghost

Illustrated notes

Levels and vault maps discovered:
D:1:      ncdulo_halloftheorcs, layout_rooms, minmay_misc_feat_pillars
D:2:      layout_loops_ring, basic_altar
D:3:      layout_basic, kennysheep_orc_sif_temple, portal_sewer_entry_d,
          chequers_ecumenical_altar_island, serial_shops,
          nicolae_shop_hallway_plus, nicolae_shop_window_shopping,
          nicolae_shop_trees, shop_statue, grunt_decor_junction
D:4:      layout_cave_pods, overflow_temple_1_default, uniq_sigmund,
          uniq_duvessa, uniq_menkaure
D:5:      layout_rooms, mainiacjoe_overflow_paths, feat_on_display
D:6:      layout_basic, okawaru_gym_becter, nicolae_overflow_crystal_walls,
          minmay_temple_entry_statues_fountains, uniq_edmund, uniq_grinder
D:7:      layout_gridville, kennysheep_little_box, uniq_crazy_yiuf_cottage,
          uniq_pikel
D:8:      layout_loops_cross, bloody_makhleb, nicolae_overflow_hidden_temple,
          minmay_hedge_maze, nicolae_shop_clearance
D:9:      layout_rooms
D:10:     lemuel_insect_pit, layout_loops_ring, serial_glass, glass_columns_b,
          glass_columns_c
D:11:     layout_basic, erik_lair_orcish_takeover, nicolae_trove_entry_crossroad
D:12:     minmay_the_grid_triangle_9x9_recursive_2_mashed
          [minmay_the_grid_triangle_9x9_prize_schism,
          minmay_the_grid_triangle_9x9_empty,
          minmay_the_grid_triangle_9x9_shrine,
          minmay_the_grid_triangle_9x9_impossible_snake], layout_layer_cave,
          kennysheep_small_circle
Temple:   minmay_temple_bridge_abc
Lair:1:   layout_long_grid
Lair:2:   lemuel_slime, layout_long_grid, nicolae_swamp_entry_splash_gauntlet,
          spider_nest_entry_web_field, beast_lair_carwin_6, lemuel_fruit_fields,
          lemuel_fruit_tree
Lair:3:   layout_hall_layers, infiniplex_staircase_pool
Lair:4:   layout_concentric_octagons, slime_entry_1,
          gammafunk_ghost_wrathful_warriors
Lair:5:   due_jungle_book, layout_regular_city, ebering_ghost_inner_flame
Orc:1:    layout_caves, serial_shops, shop, nicolae_orc_crystal_geode
Orc:2:    st_orc_mages, layout_diamond_mine, serial_shops, shop_statue,
          amcnicky_altar_lugonu_corruption

Skill      XL: |  1  2  3  4  5  6  7  8  9 10 11 12 13 14 |
---------------+-------------------------------------------+-----
Conjurations   | 1 2 3 |  3.4
Translocations | 1 2 3 4 |  4.0
Dodging        | 2 3 4 5 6 7 8 |  8.3
Axes           | 1 2 3 4 5 7 8 10 11 | 11.7
Fighting       | 1 2 3 4 5 7 8 9 10 11 | 11.2
Spellcasting   | 4 5 6 7 8 9 10 | 10.3
Poison Magic   | 1 2 3 |  3.0
Air Magic      | 1 2 3 |  3.0
Hexes          | 3 4 5 |  5.7
Necromancy     | 3 4 5 |  5.7
Fire Magic     | 2 4 5 |  5.0
Invocations    | 3 5 6 7 |  7.3
Armour         | 2 4 |  4.0
Shields        | 4 5 |  5.3
Stealth        | |  1.4
Summonings     | |  0.8

Action                     |  1- 3 |  4- 6 |  7- 9 | 10-12 | 13-15 || total
---------------------------+-------+-------+-------+-------+-------++-------
  Melee: Dagger            |    17 |       |       |       |       ||    17
         Hand axe          |    87 |   136 |   251 |   173 |       ||   647
         Punch             |       |     1 |     3 |     4 |     2 ||    10
         Long sword        |       |       |       |   137 |       ||   137
         Executioner's axe |       |       |       |   158 |   324 ||   482
         War axe           |       |       |       |       |    86 ||    86
  Throw: Dart              |       |       |     1 |     3 |     3 ||     7
   Cast: Magic Dart        |     7 |     8 |       |     1 |       ||    16
         Call Imp          |     6 |    18 |     5 |       |       ||    29
         Blink             |     2 |     2 |     2 |    23 |    12 ||    41
         Mephitic Cloud    |       |     6 |    18 |    40 |     6 ||    70
         Anguish           |       |       |       |    57 |    42 ||    99
         Passwall          |       |       |       |     2 |       ||     2
         Scorch            |       |       |       |     9 |       ||     9
 Invoke: Heroism           |       |       |     1 |     5 |     2 ||     8
         Duel              |       |       |       |     1 |       ||     1
         Finesse           |       |       |       |       |     1 ||     1
  Evoke: Wand              |       |     3 |     4 |    10 |     1 ||    18
    Use: Potion            |     2 |     2 |     1 |    10 |     4 ||    19
         Scroll            |       |     8 |     6 |    14 |     8 ||    36
   Stab: Sleeping          |     4 |     3 |       |       |       ||     7
         Distracted        |     1 |       |       |       |       ||     1
         Confused          |       |     2 |     8 |     9 |     2 ||    21
 Armour: Robe              |    36 |    57 |    40 |       |    37 ||   170
         Steam dragon scal |       |       |     9 |   247 |       ||   256
         Troll leather arm |       |       |       |    50 |   147 ||   197
         Skin              |       |       |       |     1 |       ||     1
  Dodge: Dodged            |    54 |    78 |   129 |   424 |   353 ||  1038
  Block: Tower shield      |       |       |       |       |    31 ||    31

Table legend: (Time is in decaauts)
 A = Elapsed time spent in this place.
 B = Non-inter-level travel time spent in this place.
 C = Inter-level travel time spent in this place.
 D = Time resting spent in this place.
 E = Time spent auto-exploring this place.
 F = Levels seen in this place.
 G = Mean time per level.
                   A        B        C        D        E       F      G
               +--------+--------+--------+--------+--------+-----+--------+
         Total |  22606 |  21248 |   1358 |   5128 |   9333 |  22 | 1027.5 |
       Dungeon |  14360 |  13559 |    801 |   3879 |   6301 |  12 | 1196.7 |
        Temple |    210 |    189 |     21 |      0 |    158 |   1 |  210.0 |
          Lair |   4127 |   3892 |    235 |    328 |   2162 |   5 |  825.4 |
  Orcish Mines |   2934 |   2634 |    300 |    594 |    584 |   2 | 1467.0 |
         Sewer |    952 |    952 |      0 |    327 |    128 |   1 |  952.0 |
         Arena |     21 |     21 |      0 |      0 |      0 |   1 |   21.0 |
               +--------+--------+--------+--------+--------+-----+--------+

Top non-repeatable levels by time:
    D:11: 2308 daAuts
     D:8: 2125 daAuts
   Orc:2: 1736 daAuts
     D:9: 1474 daAuts
     D:7: 1473 daAuts
    D:10: 1429 daAuts
     D:4: 1391 daAuts
  Lair:4: 1239 daAuts
   Orc:1: 1197 daAuts
  Lair:2: 1063 daAuts
     D:3: 1002 daAuts
   Sewer: 952 daAuts
     D:6: 950 daAuts
     D:2: 889 daAuts
  Lair:1: 835 daAuts
